Map: Base du roi Sejong EC

Players

Ottoman - Winner!

  • Race: Zerg Zerg
  • League: Gold
  • Spawn Location: 5:00

zidar

  • Race: Zerg Zerg
  • League: Gold
  • Spawn Location: 11:00

VOD

Have the link to the VOD?

Description

Time

  • Played on: June 14, 2016, 10:35 a.m.
  • Length: 8:22
Show
View Real Time Build Order
Export as new Build Order

Ottoman Zerg - Winner!

Build Orders: Pool First 

Get SALT Encoding   

  12  0:01  Drone  
  13  0:23  Spawning Pool  
  13  0:26  Drone  
  13  0:30  Drone  
  14  0:38  Overlord  
  14  0:47  Extractor  
  14  0:48  Drone  
  14  0:56  Drone  
  15  0:59  Drone  
  16  1:13  Zergling x2  
  16  1:17  Queen  
  19  1:21  Zergling x2  
  20  1:31  Overlord  
  20  1:42  Zergling x2  
  21  1:54  Metabolic Boost  
  21  1:59  Zergling x2  
  22  2:03  Hatchery  
  22  2:07  Zergling x2  
  22  2:18  Spine Crawler  
  22  2:21  Spine Crawler  
  16  3:13  Zergling x4  
  16  3:14  Zergling x6  
  21  3:31  Roach Warren  
  21  3:32  Drone  
  21  3:33  Drone  
  22  3:36  Overlord x2  
  22  3:38  Overlord  
  22  3:55  Drone x3  
  25  3:59  Lair  
  25  4:14  Roach x3  
  31  4:20  Extractor  
  31  4:22  Drone x2  
  32  4:42  Drone x3  
  39  4:45  Roach x2  
  38  5:04  Glial Reconstitution  
  38  5:08  Roach  
  38  5:13  Roach  
  42  5:15  Zergling x6  
  45  5:28  Overlord  
  45  5:33  Overlord  
  44  6:03  Roach x3  
  50  6:08  Roach  
  52  6:18  Hatchery  
  45  6:42  Roach x3  
  45  6:43  Roach x2  
  55  7:03  Roach  
  55  7:04  Roach  
  55  7:19  Zergling x2  
  55  7:20  Zergling x4  
  52  7:38  Zergling x10  
  55  7:59  Roach x3  
Show
View Real Time Build Order
Export as new Build Order

zidar Zerg 

Build Orders: Pool First 

Get SALT Encoding   

  12  0:01  Drone  
  13  0:22  Spawning Pool  
  13  0:27  Extractor  
  13  0:28  Drone  
  12  0:59  Overlord  
  12  1:09  Queen  
  12  1:11  Overlord  
  14  1:28  Metabolic Boost  
  14  1:31  Zergling x2  
  14  1:32  Zergling x2  
  16  1:34  Zergling x2  
  17  1:43  Zergling x2  
  18  1:54  Zergling x2  
  19  2:08  Zergling x2  
  19  2:19  Zergling x8  
  21  2:56  Zergling x10  
  25  3:21  Roach Warren, Drone x2  
  26  3:44  Drone x3  
  29  3:52  Hatchery  
  28  4:05  Drone x2  
  28  4:08  Overlord  
  28  4:09  Overlord  
  30  4:33  Queen, Hatchery  
  31  5:03  Overlord  
  31  5:05  Roach x4  
  39  5:26  Drone x5  
  44  5:36  Lair  
  39  6:04  Roach x5  
  43  6:32  Roach x4  
  47  6:33  Zergling x10  
  47  6:35  Zergling x2  
  51  6:41  Drone x2  
  51  6:51  Spine Crawler  
  49  7:07  Roach x3  
  30  7:32  Roach x3  
  34  7:50  Roach, Zergling x14  
  34  7:51  Zergling x4  
  38  8:01  Extractor  
Tags
 
Add a new tag
Caveats
  • Supply blocks, unpowered buildings, or Contaminate may cause inaccurate times.
  • Supply counts are checked every 10 seconds.